 Dungeon Crawl Stone Soup version 0.20-a0-261-gcb1eca7 (webtiles) character file.

1692 Goblin1989 the Grappler (level 8, -2/74 HPs)
             Began as a Troll Transmuter on Nov 29, 2016.
             Was a Believer of Okawaru.
             Slain by a killer bee (5 damage)
             ... on level 6 of the Dungeon on Dec 3, 2016.
             The game lasted 00:14:43 (3895 turns).

Goblin1989 the Grappler (Troll Transmuter)          Turns: 3895, Time: 00:14:44

Health: -2/74      AC:  6    Str: 19    XL:     8   Next: 72%
Magic:  6/8        EV: 13    Int: 13    God:    Okawaru [**....]
Gold:   242        SH:  0    Dex: 12    Spells: 6/9 levels left

rFire  . . .     SeeInvis .       - Unarmed
rCold  . . .     Gourm    +     b - +0 robe
rNeg   . . .     Faith    .     (no shield)
rPois  .         Spirit   .     (helmet restricted)
rElec  .         Reflect  .     i - +0 cloak
rCorr  .         Harm     .     (gloves unavailable)
MR     .....                    (boots unavailable)
Stlth  +++.......               (no amulet)
                                (no ring)
                                m - +4 ring of intelligence

@: heroism, very slightly contaminated, hasted, invisible, very quick
A: unfitting armour, claws 3, fast metabolism 3, gourmand, regeneration 1,
shaggy fur 1, tough skin 2
a: Heroism, Renounce Religion


You were on level 6 of the Dungeon.
You worshipped Okawaru.
Okawaru was pleased with you.
You were very full.

You visited 2 branches of the dungeon, and saw 7 of its levels.

You collected 242 gold pieces.

Inventory:

Missiles
 a - 135 arrows
 j - 7 large rocks (quivered) {!d}
 Z - 2 throwing nets {=f, !d}
Armour
 b - a +0 robe (worn)
 i - a +0 cloak (worn)
Jewellery
 m - a +4 ring of intelligence (left claw)
Wands
 D - a wand of disintegration (14/24)
 I - a wand of flame (24/48)
Scrolls
 d - 4 scrolls of amnesia {unknown}
 f - 7 scrolls of identify {unknown}
 l - 3 scrolls of teleportation {unknown}
 n - 2 scrolls of noise {unknown}
 r - a scroll of fear {unknown}
 t - 2 scrolls of blinking {unknown}
 w - 2 scrolls of enchant weapon {unknown}
 y - 2 scrolls of recharging {unknown}
 A - a scroll of enchant armour {unknown}
 B - a scroll of magic mapping {unknown}
 E - a scroll of fog {unknown}
 F - a scroll of brand weapon {unknown}
 J - a scroll of immolation {unknown}
Potions
 c - a potion of curing {@q1}
 k - a potion of berserk rage {unknown}
 p - a potion of cancellation {unknown}
 q - 2 potions of might {unknown}
 s - 2 potions of lignification {unknown}
 v - a potion of invisibility
 x - 2 potions of flight {unknown}
 z - a potion of agility {unknown}
 C - a potion of cure mutation {unknown}
 G - 2 potions of magic {unknown}
 H - a potion of haste {!q, @q3}
Comestibles
 e - 6 bread rations {@e1}
 h - 2 slices of pizza
 o - 2 beef jerkies
 u - 2 meat rations {@e2}


   Skills:
 + Level 2.6(7.6) Fighting
 + Level 2.8(7.8) Dodging
 + Level 10.6(15.6) Unarmed Combat
 - Level 1.2 Spellcasting
 - Level 1.3 Transmutations


You had 6 spell levels left.
You knew the following spells:

 Your Spells              Type           Power        Failure   Level  Hunger
a - Beastly Appendage     Tmut           #.....       17%         1    ##.....
b - Sticks to Snakes      Tmut           #.......     24%         2    ###....


Dungeon Overview and Level Annotations

Branches:
Dungeon (6/15)             Temple (1/1) D:5

Altars:
Ashenzari
Cheibriados
Dithmenos
Elyvilon
Fedhas
Gozag
Hepliaklqana
Kikubaaqudgha
Makhleb
Nemelex Xobeh
Okawaru
Qazlal
Ru
Sif Muna
Trog
Uskayaw
Vehumet
Xom
Yredelemnul
Zin
The Shining One

Shops:
D:5 (


Innate Abilities, Weirdness & Mutations

You are too large for most types of armour.
You have claws for hands.
Your metabolism is lightning-fast.
You like to eat raw meat.
Your natural rate of healing is unusually fast.
You are covered in fur. (AC +1)
You have very tough skin. (AC +2)


Message History

The killer bee is severely wounded.
The killer bee stings you!
* * * LOW HITPOINT WARNING * * *
You take 7 damage, and have 5/74 hp.
You closely miss the killer bee. Your claw misses the killer bee.
The killer bee is heavily wounded.
The killer bee stings you but does no damage.
Unknown command.
You catch the helpless killer bee completely off-guard!
You eviscerate the killer bee!!!
You kill the killer bee!
Okawaru accepts your kill.
You completely miss the killer bee. The killer bee stings you.
* * * LOW HITPOINT WARNING * * *
Things that are here:
a killer bee corpse x3
You take 4 damage, and have 2/74 hp.
You closely miss the killer bee. The killer bee stings you.
You die...

.>.........█........█
█
..........█████.....█
█ [.....%..██ █.....█
█ .........█
█..<..█████
.........█
█.....██...
?........█
██.█████...
.........█ █.█ ███...
........y█ █.███.....
........@██
█.....█...
█████████.█
███████... ███ █...


████ You could see a killer bee.

Vanquished Creatures
  Prince Ribbit (D:5)
  Edmund (D:6)
  An ice beast (D:6)
  A sky beast (D:5)
  2 ogres (D:4)
  A bullfrog (D:6)
  2 scorpions
  5 killer bees (D:6)
  2 howler monkeys
  A hound (D:6)
  A quasit (D:5)
  A centaur skeleton (D:5)
  5 orc priests
  2 orc wizards
  2 iguanas
  A worker ant (D:5)
  A killer bee zombie (D:6)
  A hound skeleton (D:5)
  7 adders
  An adder skeleton (D:5)
  7 worms
  3 dart slugs (D:2)
  4 leopard geckos
  5 orcs
  2 ball pythons
  7 bats
  7 giant cockroaches
  4 hobgoblins
  5 jackals (D:4)
  3 kobolds (D:1)
  3 quokkas
  A frilled lizard (D:1)
  4 goblins (D:2)
  A leopard gecko skeleton (D:6)
  4 rats
99 creatures vanquished.

Notes
Turn   | Place    | Note
-------+----------+-------------------------------------------
     0 | D:1      | Goblin1989 the Troll Transmuter began the quest for the Orb.
     0 | D:1      | Reached XP level 1. HP: 18/18 MP: 1/1
     0 | D:1      | Upgraded the game from 0.20-a0-217-g17e8ceb to 0.20-a0-261-gcb1eca7
   241 | D:1      | Reached XP level 2. HP: 26/26 MP: 2/2
   876 | D:2      | Reached skill level 4 in Unarmed Combat
   876 | D:2      | Reached XP level 3. HP: 32/32 MP: 3/3
   893 | D:2      | Learned a level 2 spell: Sticks to Snakes
  1002 | D:2      | Reached XP level 4. HP: 40/40 MP: 4/4
  1005 | D:2      | Reached skill level 5 in Unarmed Combat
  1034 | D:2      | Found a faded altar of an unknown god.
  1511 | D:3      | Found a shattered altar of Ashenzari.
  1674 | D:3      | Reached XP level 5. HP: 18/46 MP: 5/5
  1686 | D:3      | HP: 1/46 [orc priest/club (4)]
  1687 | D:3      | Reached skill level 6 in Unarmed Combat
  1692 | D:3      | HP: 2/46 [orc wizard/magic dart (2)]
  2214 | D:4      | Noticed an ogre
  2221 | D:4      | Killed an ogre
  2221 | D:4      | Reached XP level 6. HP: 39/54 MP: 6/6
  2226 | D:4      | Reached skill level 7 in Unarmed Combat
  2523 | D:5      | Entered Level 5 of the Dungeon
  2545 | D:5      | Reached skill level 8 in Unarmed Combat
  2570 | D:5      | Reached XP level 7. HP: 59/61 MP: 7/7
  2601 | D:5      | Found a staircase to the Ecumenical Temple.
  2608 | Temple   | Entered the Ecumenical Temple
  2794 | Temple   | Became a worshipper of Warmaster Okawaru
  2860 | D:5      | Found a sacrificial altar of Ru.
  2878 | D:5      | Found Ynym's Weapon Shop.
  2961 | D:5      | Noticed Prince Ribbit
  2974 | D:5      | Killed Prince Ribbit
  2974 | D:5      | Reached * piety under Okawaru
  2974 | D:5      | Reached skill level 9 in Unarmed Combat
  3271 | D:5      | Reached XP level 8. HP: 60/68 MP: 8/8
  3341 | D:6      | Noticed Edmund
  3356 | D:6      | Killed Edmund
  3356 | D:6      | Reached skill level 10 in Unarmed Combat
  3482 | D:6      | Found a burning altar of Makhleb.
  3497 | D:6      | Reached skill level 1 in Fighting
  3592 | D:6      | Reached ** piety under Okawaru
  3879 | D:6      | HP: 3/74 [killer bee (3)]
  3888 | D:6      | HP: 3/74 [poisoned by a killer bee]
  3894 | D:6      | HP: 2/74 [killer bee (4)]
  3895 | D:6      | Slain by a killer bee

Vault maps used:
D:1:      dpeg_arrival_three_smaller_balls, patterned_corridor
D:2:      chequers_ecumenical_altar_simple
D:3:      nicolae_ashenzari_panopticon
D:4:      first_bread
D:5:      serial_shops, shop, nicolae_ru_path_of_blood, uniq_prince_ribbit1
D:6:      grunt_decor_arrowhead, bloody_makhleb, uniq_edmund
Temple:   minmay_crystal_snake_temple

Skill      XL: |  1  2  3  4  5  6  7  8 |
---------------+-------------------------+-----
Unarmed Combat | 4 5 6 8 9 10 | 10.6
Fighting       | 2 |  2.6
Dodging        | 2 |  2.8
Spellcasting   | |  1.2
Transmutations | |  1.3

Action                   |  1- 3 |  4- 6 |  7- 9 || total
-------------------------+-------+-------+-------++-------
Melee: Unarmed           |    56 |   115 |   157 ||   328
       Punch             |     1 |     3 |     6 ||    10
Invok: Heroism           |       |       |     3 ||     3
Evoke: Wand              |       |       |     1 ||     1
  Use: Potion            |       |       |     5 ||     5
 Stab: Sleeping          |       |     1 |       ||     1
       Invisible         |       |       |     1 ||     1
  Eat: Chunk             |    11 |    18 |    11 ||    40
Armor: Robe              |    26 |    31 |    49 ||   106
Dodge: Dodged            |    25 |    49 |    86 ||   160

Vault maps used:
D:1:      dpeg_arrival_three_smaller_balls, patterned_corridor
D:2:      chequers_ecumenical_altar_simple
D:3:      nicolae_ashenzari_panopticon
D:4:      first_bread
D:5:      serial_shops, shop, nicolae_ru_path_of_blood, uniq_prince_ribbit1
D:6:      grunt_decor_arrowhead, bloody_makhleb, uniq_edmund
Temple:   minmay_crystal_snake_temple
